 Dungeon Crawl Stone Soup version 0.30.0-29-ga12c61a403 (webtiles) character file.

Game seed: 12599043685882647318

87 loir the Magician (level 4, -6/34 HPs)
             Began as a Djinni Conjurer on June 5, 2023.
             Mangled by Crazy Yiuf
             ... wielding a +4 quarterstaff of chaos
              (12 damage)
             ... on level 3 of the Dungeon.
             The game lasted 00:07:56 (1945 turns).

loir the Magician (Djinni Conjurer)                 Turns: 1945, Time: 00:07:57

Health: -6/34      AC:  3    Str:  6    XL:     4   Next: 80%
Gold:   176        EV: 12    Int: 22    God:
                   SH:  0    Dex: 11

rFire   + + .        d - +10 dagger of Instinct {freeze, SInv}
rCold   x . .        (no shield)
rNeg    . . .        a - +1 robe
rPois   ∞            (no helmet)
rElec   .            (no cloak)
rCorr   .            (no gloves)
SInv    +            (boots unavailable)
Will    .....        (no amulet)
Stlth   ++           (no ring)
HPRegen 0.25/turn    (no ring)
MPRegen 0.00/turn

%: infuse magic (-7 HP)
@: about to teleport, flying
A: sickness immunity, fire resistance 2, cold vulnerability 1, float, innate
caster, HP casting, extra vitality 1
a: no special abilities


You were on level 3 of the Dungeon.
You visited 1 branch of the dungeon, and saw 3 of its levels.

You collected 176 gold pieces.

Inventory:

Hand Weapons
 d - the +10 dagger of Instinct (weapon) {freeze, SInv}
   (You found it on level 2 of the Dungeon)

   SInv:      It lets you see invisible.
 g - a +1 dagger of venom
Armour
 a - a +1 robe (worn)
Wands
 k - a wand of iceblast (4)
Potions
 b - a potion of lignification {unknown}
 c - a potion of might {unknown}
 e - 2 potions of haste {unknown}
 i - a potion of attraction {unknown}
 m - a potion of mutation {unknown}


   Skills:
 * Level 2.3 Fighting
 + Level 3.0 Dodging
 - Level 1.5 Stealth
 * Level 3.8 Spellcasting


You knew the following spells:

 Your Spells              Type           Power      Damage    Failure   Level
a - Magic Dart            Conj           84%        1d7       2%          1
b - Searing Ray           Conj           42%        2d6       3%          2
c - Dazzling Flash        Conj/Hex       42%        N/A       7%          3
d - Fulminant Prism       Conj/Hex       10%        3d9       24%         4
e - Iskenderun's Mystic   Conj/Tloc      21%        2d6       24%         4
f - Sting                 Tmut/Pois      84%        1d7       2%          1
Your spell library was empty.

Dungeon Overview and Level Annotations

Branches:
Dungeon (3/15)

Altars:
Hepliaklqana

Annotations:
D:3 Crazy Yiuf


Innate Abilities, Weirdness & Mutations

You are immune to sickness and miasma.
You are immune to poison.
Your flesh is very heat resistant. (rF++)
You are vulnerable to cold. (rC-)
You float through the air rather than walking.
You learn spells naturally, not from books.
Your magical power is your life essence.
You have superior vitality. (+4 MHP)


Message History

Press: ? - help, Q - select action, (/) - cycle Shift-Dir - straight line, f - endoplasm
Aim: an endoplasm (asleep, 100% to hit)
The magic dart hits the endoplasm.
You kill the endoplasm!
A ball python comes into view.
The ball python hisses angrily.
Aiming: Magic Dart (safe; 2% risk of failure)
Press: ? - help, Q - select action, (/) - cycle Shift-Dir - straight line, f - ball python
Aim: a ball python (100% to hit)
The magic dart hits the ball python.
You kill the ball python!
Found an escape hatch in the floor.
You now have 176 gold pieces (gained 7).
A giant cockroach comes into view.
Aiming: Magic Dart (safe; 2% risk of failure)
Press: ? - help, Q - select action, (/) - cycle Shift-Dir - straight line, f - giant cockroach
Aim: a giant cockroach (asleep, 100% to hit)
The magic dart hits the giant cockroach.
You kill the giant cockroach!
Found a hammer.
Found a runed translucent door.
Crazy Yiuf shouts!
You reach down and open the door.
Casting: Magic Dart (safe; 2% risk of failure)
Confirm with . or Enter, or press ? or * to list all spells.
Aiming: Sting (safe; 2% risk of failure)
Press: ? - help, Shift-Dir - straight line, f - Crazy Yiuf
Aim: Crazy Yiuf, wielding a +4 quarterstaff of chaos and wearing a +0 cloak (79% to hit)
The sting misses Crazy Yiuf.
Crazy Yiuf says, "Line sanguine poople!"
You closely miss Crazy Yiuf.
Crazy Yiuf screams, "Defame!"
Crazy Yiuf hits you with a +4 quarterstaff of chaos!
You hit Crazy Yiuf but do no damage. Crazy Yiuf misses you.
You barely miss Crazy Yiuf.
Crazy Yiuf hits you with a +4 quarterstaff of chaos!
* * * LOW HITPOINT WARNING * * *
As you read the scroll of teleportation, it crumbles to dust.
You feel strangely unstable.
Crazy Yiuf hits you with a +4 quarterstaff of chaos!
You die...

#....#####.#
#....# #.###
#....# #...#
#...## ###.#
##.## #.###
#.## #...##
##.# ###..#
#.## ##.####
##@# #..... #g#
##.... ...
##### #....
#...# #...#
#.... #..)#
#...# #....
#####
#...###....
#..........
#####.....#....
#...#.....#....


You could see Crazy Yiuf.

Vanquished Creatures
  3 adders (D:2)
  4 bats
  8 endoplasms
  4 giant cockroaches
  9 goblins
  4 hobgoblins
  3 quokkas
  10 ball pythons
  A frilled lizard (D:2)
  4 kobolds
  5 rats
55 creatures vanquished.

Notes
Turn   | Place    | Note
-------+----------+-------------------------------------------
     0 | D:1      | loir the Djinni Conjurer began the quest for the Orb.
     0 | D:1      | loir set off with the following spells memorised: Magic
                  | Dart, Searing Ray, Dazzling Flash, Fulminant Prism,
                  | Iskenderun's Mystic Blast.
     0 | D:1      | Reached XP level 1. HP: 15/15 MP: 0/0
   238 | D:1      | Reached XP level 2. HP: 22/22 MP: 0/0
   289 | D:1      | Reached skill level 1 in Fighting
   532 | D:1      | Found a faded altar of an unknown god.
   920 | D:2      | Reached XP level 3. HP: 24/27 MP: 0/0
   920 | D:2      | Learned a level 1 spell: Sting
  1093 | D:2      | Identified the +10 dagger of Instinct {freeze, SInv}
  1179 | D:2      | Reached XP level 4. HP: 31/33 MP: 0/0
  1350 | D:2      | Found a hazy altar of Hepliaklqana.
  1936 | D:3      | Found a runed translucent door.
  1937 | D:3      | Noticed Crazy Yiuf
  1945 | D:3      | Mangled by Crazy Yiuf

Illustrated notes

Levels and vault maps discovered:
D:1:      matt_arrival_diagonals, layout_basic,
          dreamdust_ecumenical_altar_hidden_monk_grotto
D:2:      layout_basic, basic_altar, minmay_pentomino_p2
D:3:      layout_rooms, kennysheep_generic_room_13, uniq_crazy_yiuf_cottage

Skill      XL: |  1  2  3  4 |
---------------+-------------+-----
Fighting       | 1 2 |  2.3
Dodging        | 3 |  3.0
Stealth        | |  1.5
Spellcasting   | |  3.8

Action                     |  1- 3 |  4- 6 || total
---------------------------+-------+-------++-------
  Melee: Dagger            |       |     4 ||     4
   Cast: Magic Dart        |    62 |    39 ||   101
         Sting             |       |     1 ||     1
    Use: Scroll            |     2 |     4 ||     6
  Dodge: Dodged            |     1 |     1 ||     2
